 Dungeon Crawl Stone Soup version 0.19.4-8-ga85b6b9 (webtiles) character file.

268 Aramant the Ruffian (level 6, -4/59 HPs)
             Began as a Troll Berserker on Feb 13, 2017.
             Was a Priest of Trog.
             Slain by Aramant's ghost (7 damage)
             ... while paralysed by Grinder
             ... on level 4 of the Dungeon.
             The game lasted 00:09:17 (2450 turns).

Aramant the Ruffian (Troll Berserker)               Turns: 2450, Time: 00:09:18

Health: -4/59      AC:  8    Str: 28    XL:     6   Next: 0%
Magic:  5/5        EV:  1    Int:  3    God:    Trog [***...]
Gold:   137        SH:  0    Dex:  9    Spells: 0 memorised, 5 levels left

rFire  . . .     SeeInvis .       - Unarmed
rCold  . . .     Gourm    +     a - +2 animal skin
rNeg   . . .     Faith    .     (no shield)
rPois  .         Spirit   .     (helmet restricted)
rElec  .         Reflect  +     m - +0 cloak
rCorr  .         Harm     .     (gloves unavailable)
MR     .....                    (boots unavailable)
Stlth  +.........               h - +2 amulet of reflection
                                (no ring)
                                d - ring of flight

@: paralysed, exhausted, slowed
A: unfitting armour, claws 3, fast metabolism 3, gourmand, regeneration 1,
shaggy fur 1, tough skin 2
a: Berserk, Trog's Hand, Burn Spellbooks, Renounce Religion, Evoke Flight


You were on level 4 of the Dungeon.
You worshipped Trog.
Trog was most pleased with you.
You were very hungry.

You visited 1 branch of the dungeon, and saw 4 of its levels.

You collected 137 gold pieces.

Inventory:

Armour
 a - a +2 animal skin (worn)
 m - a +0 cloak (worn)
Jewellery
 d - a ring of flight (left claw)
 h - a +2 amulet of reflection (around neck)
Scrolls
 e - a scroll of remove curse {unknown}
 i - 3 scrolls of identify
 k - a scroll of noise
 l - a scroll of immolation {unknown}
Potions
 b - a potion of heal wounds {unknown}
 g - a potion of beneficial mutation {unknown}
 j - a potion of invisibility {unknown}
Comestibles
 c - 2 beef jerkies
 f - a meat ration


   Skills:
 + Level 2.9 Fighting
 + Level 3.6 Dodging
 + Level 0.5 Stealth
 + Level 5.3 Unarmed Combat


You had 5 spell levels left.
You didn't know any spells.

Dungeon Overview and Level Annotations

Branches:
Dungeon (4/15)
 Temple: D:4-7

Altars:
Fedhas

Annotations:
D:4 Aramant's ghost, amateur HuFi; Grinder


Innate Abilities, Weirdness & Mutations

You are too large for most types of armour.
You have claws for hands.
Your metabolism is lightning-fast.
You like to eat raw meat.
Your natural rate of healing is unusually fast.
You are covered in fur. (AC +1)
You have very tough skin. (AC +2)


Message History

a club; 4 tomahawks; an orc corpse
There is a stone staircase leading up here.
Grinder says, "Wait up."
Grinder gestures at you.
You suddenly lose the ability to move!
Grinder hits you.
You writhe in agony.
Grinder gestures at you. Pain shoots through your body!
Aramant's ghost hits you.
Grinder says, "DUCK!"
Grinder hits you.
You writhe in agony.
Aramant's ghost hits you!
* * * LOW HITPOINT WARNING * * *
Grinder hits you!
* * * LOW HITPOINT WARNING * * *
You writhe in agony.
* * * LOW HITPOINT WARNING * * *
Aramant's ghost hits you but does no damage.
Grinder hits you but does no damage. Aramant's ghost hits you!
You die...

.# .# .# ###.#####
#. #####........
#.###.#..........
#.)@W.).........
#..(5.))).......
#.....))........
#..#............
...###............
#...
#............. ##.
#.........!... #.
#..)..$.......
#[............


You could see Grinder and Aramant's ghost.

Vanquished Creatures
  2 orc wizards
  Crazy Yiuf (D:2)
  A gnoll (D:1)
  5 adders
  5 worms
  2 dart slugs (D:1)
  4 leopard geckos
  12 orcs
  5 bats
  3 giant cockroaches
  8 goblins
  9 hobgoblins
  17 jackals
  A quokka (D:2)
  5 frilled lizards
  3 kobolds
  10 rats
93 creatures vanquished.

Notes
Turn   | Place    | Note
-------+----------+-------------------------------------------
     0 | D:1      | Aramant the Troll Berserker began the quest for the Orb.
     0 | D:1      | Reached XP level 1. HP: 22/22 MP: 0/0
   152 | D:1      | Reached XP level 2. HP: 29/29 MP: 1/1
   443 | D:1      | Reached XP level 3. HP: 28/36 MP: 2/2
   899 | D:2      | Reached ** piety under Trog
   942 | D:2      | Found a blossoming altar of Fedhas.
  1085 | D:2      | Reached XP level 4. HP: 44/44 MP: 3/3
  1151 | D:2      | Reached skill level 4 in Unarmed Combat
  1715 | D:2      | Found a runed door.
  1719 | D:2      | Noticed Crazy Yiuf
  1725 | D:2      | Killed Crazy Yiuf
  1725 | D:2      | Reached XP level 5. HP: 42/52 MP: 4/4
  2152 | D:3      | Reached *** piety under Trog
  2415 | D:4      | Noticed Grinder
  2417 | D:4      | Reached skill level 5 in Unarmed Combat
  2435 | D:4      | Paralysed by Grinder for 4 turns
  2439 | D:4      | Reached XP level 6. HP: 38/59 MP: 5/5
  2440 | D:4      | Noticed Aramant's ghost (amateur HuFi)
  2445 | D:4      | Paralysed by Grinder for 7 turns
  2448 | D:4      | HP: 2/59 [Grinder (6)]
  2450 | D:4      | Slain by Aramant's ghost

Skill      XL: |  1  2  3  4  5 |
---------------+----------------+-----
Dodging        | 3 |  3.6
Unarmed Combat | 4 5 |  5.3
Fighting       | |  2.9
Stealth        | |  0.5

Action                   |  1- 3 |  4- 6 || total
-------------------------+-------+-------++-------
Melee: Unarmed           |   115 |   140 ||   255
       Punch             |     1 |     2 ||     3
Invok: Berserk           |       |     1 ||     1
  Use: Scroll            |     5 |     2 ||     7
       Potion            |       |     2 ||     2
 Stab: Sleeping          |     1 |     1 ||     2
  Eat: Bread ration      |     2 |     2 ||     4
       Beef jerky        |       |     1 ||     1
Armor: Animal skin       |    39 |    57 ||    96
Dodge: Dodged            |    56 |    65 ||   121
Block: Other             |     1 |    12 ||    13
